 Dungeon Crawl Stone Soup version 0.20-a0-1124-g2e29d97 (webtiles) character file.

4152 4thArraOfDagon the Grappler (level 10, 0/98 HPs)
             Began as a Troll Transmuter on May 16, 2017.
             Was a Believer of Okawaru.
             Slain by a troll (10 damage)
             ... on level 10 of the Dungeon.
             The game lasted 00:16:02 (3074 turns).

4thArraOfDagon the Grappler (Troll Transmuter)      Turns: 3074, Time: 00:16:03

Health: 0/98       AC:  5    Str: 20    XL:     10   Next: 7%
Magic:  10/12      EV: 13    Int: 12    God:    Okawaru [**....]
Gold:   217        SH:  0    Dex: 10    Spells: 8/11 levels left

rFire    + . .     SeeInvis .     - Unarmed
rCold    . . .     Gourm    +   (no shield)
rNeg     . . .     Faith    .   b - +0 robe
rPois    .         Spirit   .   (helmet restricted)
rElec    .         Reflect  .   (no cloak)
rCorr    .         Harm     .   (gloves unavailable)
MR       +....                  (boots unavailable)
Stlth    +++.......             (no amulet)
Regen    0.7/turn               e - ring of protection from magic
MPRegen  0.2/turn               C - ring of protection from fire

@: heroism
A: unfitting armour, claws 3, fast metabolism 3, gourmand, regeneration 1,
shaggy fur 1, tough skin 2
a: Heroism, Renounce Religion


You were on level 10 of the Dungeon.
You worshipped Okawaru.
Okawaru was pleased with you.
You were very full.

You visited 2 branches of the dungeon, and saw 11 of its levels.
You also visited: Ossuary.

You collected 217 gold pieces.

Inventory:

Hand Weapons
 A - the +11 whip "Vexiugua" {vamp, rN+, unknown}
   (You found it on level 5 of the Dungeon)

   It inflicts no extra harm, but heals its wielder when it wounds a living foe.
   It protects you from negative energy.
Missiles
 a - 158 arrows
 q - a throwing net (quivered)
Armour
 b - a +0 robe (worn)
Jewellery
 e - a ring of protection from magic (left claw)
 w - an uncursed ring of magical power
 C - a ring of protection from fire (right claw)
Wands
 o - a wand of iceblast (6/15)
 y - a wand of lightning (8/15)
Scrolls
 f - a scroll of enchant weapon {unknown}
 g - 3 scrolls of teleportation {unknown}
 j - 6 scrolls of identify
 l - a scroll of enchant armour {unknown}
 n - 5 scrolls of remove curse
 r - a scroll of summoning {unknown}
 s - 2 scrolls of amnesia {unknown}
 u - a scroll of noise
 D - a scroll of recharging {unknown}
Potions
 h - a potion of berserk rage
 i - 2 potions of resistance {unknown}
 m - 2 potions of ambrosia {unknown}
 p - 2 potions of lignification {unknown}
 t - 2 potions of curing {unknown}
 x - a potion of brilliance {unknown}
 z - 2 potions of might {unknown}
Books
 c - a book of Changes

   Spells                             Type                      Level
   a - Beastly Appendage              Transmutation                1
   b - Sticks to Snakes               Transmutation                2
   c - Spider Form                    Transmutation/Poison         3
   d - Ice Form                       Ice/Transmutation            4
   e - Blade Hands                    Transmutation                5
Comestibles
 d - 7 bread rations
 k - 3 fruits
 v - 4 meat rations
 B - 2 royal jellies


   Skills:
 + Level 6.3(11.3) Fighting
 - Level 4.1(9.1) Dodging
 * Level 10.6(15.6) Unarmed Combat
 - Level 1.2 Spellcasting
 - Level 1.3 Transmutations
 + Level 4.6 Invocations


You had 8 spell levels left.
You knew the following spells:

 Your Spells              Type           Power        Failure   Level  Hunger
a - Beastly Appendage     Tmut           #.....       17%         1    ##.....
b - Sticks to Snakes      Tmut           #.......     26%         2    ###....


Dungeon Overview and Level Annotations

Branches:
Dungeon (10/15)            Temple (1/1) D:4             Orc (0/2) D:9
   Lair: D:8-11

Altars:
Ashenzari
Cheibriados
Dithmenos
Elyvilon
Fedhas
Gozag
Hepliaklqana
Makhleb
Nemelex Xobeh
Okawaru
Qazlal
Ru
Sif Muna
Uskayaw
Vehumet
Wu Jian
Xom
Zin
The Shining One

Shops:
D:9 %(

Annotations:
D:7 Menkaure


Innate Abilities, Weirdness & Mutations

You are too large for most types of armour.
You have claws for hands.
Your metabolism is lightning-fast.
You like to eat raw meat.
Your natural rate of healing is unusually fast.
You are covered in fur. (AC +1)
You have very tough skin. (AC +2)


Message History

You closely miss the troll.
The troll is almost dead.
The troll closely misses you. The troll claws you. The troll claws you!
You closely miss the troll.
The troll is almost dead.
The troll bites you!
* * * LOW HITPOINT WARNING * * *
The troll claws you but does no damage. The troll completely misses you.
Unknown command.
Throwing (i - inventory):
q - 2 throwing nets (quivered)
Press: ? - help, Shift-Dir - straight line, f - troll
Aim: a troll (almost dead)
You throw a throwing net.
The throwing net closely misses the troll.
The troll bites you!
* * * LOW HITPOINT WARNING * * *
The troll claws you!
* * * LOW HITPOINT WARNING * * *
The troll claws you!
You die...

# .#
#.#
#..
##.#
#@#
##T..#
#(##
.# .
##


You could see a troll.

Vanquished Creatures
  A troll (D:9)
  2 hungry ghosts
  Edmund (D:5)
  4 orc warriors
  A black bear (D:6)
  A phantom (D:9)
  7 ogres
  5 centaurs
  A crocodile (D:9)
  3 bullfrogs (D:7)
  A gnoll sergeant (D:7)
  A water moccasin zombie (Ossuary)
  3 scorpions
  10 killer bees
  A howler monkey (D:5)
  A quasit (D:9)
  4 hounds
  A bullfrog skeleton (D:5)
  2 orc priests (D:9)
  A jelly (D:8)
  Ijyb (D:5)
  2 iguanas
  3 orc wizards
  4 worker ants
  4 big kobold zombies (Ossuary)
  2 mummies (Ossuary)
  19 gnolls
  6 adders
  2 shadow imps (D:7)
  6 adder zombies
  A worm (D:6)
  3 leopard geckos
  28 orcs
  3 giant cockroaches
  2 goblins
  3 hobgoblins
  3 jackals
  5 kobolds
  2 quokkas
  A bat (D:2)
  A frilled lizard (D:2)
  4 gnoll zombies (Ossuary)
  4 hobgoblin zombies (Ossuary)
  A jackal skeleton (D:5)
  2 kobold zombies (Ossuary)
  5 orc zombies (Ossuary)
  3 rats
171 creatures vanquished.

Vanquished Creatures (others)
  An orc wizard (D:9)
  2 fungi (D:6)
3 creatures vanquished.

Grand Total: 174 creatures vanquished

Notes
Turn   | Place    | Note
-------+----------+-------------------------------------------
     0 | D:1      | 4thArraOfDagon the Troll Transmuter began the quest for the Orb.
     0 | D:1      | Reached XP level 1. HP: 18/18 MP: 1/1
    79 | D:2      | Reached skill level 1 in Fighting
    79 | D:2      | Reached XP level 2. HP: 17/27 MP: 2/2
   193 | D:2      | Reached XP level 3. HP: 27/33 MP: 3/3
   237 | D:2      | NIC lab
   259 | D:2      | +1000 milion turns
   438 | D:3      | Reached skill level 4 in Unarmed Combat
   550 | D:4      | Found a shadowy altar of Dithmenos.
   616 | D:5      | Entered Level 5 of the Dungeon
   616 | D:5      | Noticed Ijyb
   623 | D:5      | magipi: why tm? that is the worst troll, or close
   624 | D:5      | Killed Ijyb
   624 | D:5      | Reached XP level 4. HP: 23/42 MP: 4/4
   654 | D:4      | Found a staircase to the Ecumenical Temple.
   654 | D:4      | Noticed an ogre
   658 | D:4      | Killed an ogre
   658 | D:4      | Reached XP level 5. HP: 42/49 MP: 5/5
   671 | Temple   | Entered the Ecumenical Temple
   751 | Temple   | 4thArraOfDagon: naaa
   751 | Temple   | 4thArraOfDagon: im just looking for chei
   751 | Temple   | 4thArraOfDagon: then background raelly doesnt mattr
   892 | D:6      | Reached skill level 5 in Unarmed Combat
   901 | D:6      | magipi: with Hu or AM, you could have rocks
   901 | D:6      | 4thArraOfDagon: but no altar :(
   973 | D:6      | Noticed an orc warrior
   980 | D:6      | Reached XP level 6. HP: 53/59 MP: 6/6
   999 | D:6      | magipi: there was a chei altar on d1, but you skipped the floor :D
  1118 | D:7      | Found a sand-covered staircase.
  1120 | D:7      | Noticed an ice beast
  1156 | D:9      | Noticed an orc warrior
  1165 | D:9      | Found a staircase to the Orcish Mines.
  1165 | D:9      | Found Ezewkuan's Weapon Shop.
  1165 | D:9      | Noticed an orc warrior
  1165 | D:9      | Noticed a troll
  1203 | D:8      | 4thArraOfDagon: no chei = rip
  1206 | D:8      | Reached skill level 6 in Unarmed Combat
  1206 | D:8      | Reached XP level 7. HP: 13/67 MP: 7/7
  1262 | D:7      | Noticed Menkaure
  1287 | D:7      | magipi: you would actually be weaker with chei at 0 piety
  1316 | D:7      | Noticed a hungry ghost
  1381 | D:8      | Killed a hungry ghost
  1484 | D:7      | Found an iron altar of Okawaru.
  1484 | D:7      | Noticed a hungry ghost
  1485 | D:7      | 4thArraOfDagon: look
  1489 | D:7      | Killed a hungry ghost
  1489 | D:7      | Reached skill level 7 in Unarmed Combat
  1489 | D:7      | Reached XP level 8. HP: 78/78 MP: 8/8
  1516 | D:7      | 4thArraOfDagon: im forced
  1516 | D:7      | Became a worshipper of Warmaster Okawaru
  1566 | Ossuary  | Entered an ossuary
  1624 | Ossuary  | 4thArraOfDagon: now i hav to run in ubersped
  1687 | Ossuary  | Reached skill level 8 in Unarmed Combat
  1747 | D:7      | Reached skill level 1 in Invocations
  1824 | D:7      | Reached * piety under Okawaru
  1837 | D:7      | magipi: what is the turncount goal?
  1847 | D:7      | MikeHunt: what happened to the previous hocj
  1848 | D:6      | Found a shimmering altar of Xom.
  1848 | D:6      | Found a shattered altar of Ashenzari.
  1921 | D:6      | Found a sparkling altar of Nemelex Xobeh.
  1933 | D:5      | Noticed Edmund
  1940 | D:5      | Killed Edmund
  1940 | D:5      | Reached skill level 5 in Fighting
  1940 | D:5      | Reached XP level 9. HP: 86/88 MP: 6/9
  1965 | D:5      | Reached skill level 9 in Unarmed Combat
  2030 | D:5      | 4thArraOfDagon: caught in net in kraken den
  2056 | D:5      | Got an iridescent whip
  2197 | D:6      | Found a snail-covered altar of Cheibriados.
  2205 | D:6      | ...
  2295 | D:7      | Reached ** piety under Okawaru
  2332 | D:6      | Found a blossoming altar of Fedhas.
  2548 | D:9      | Reached skill level 10 in Unarmed Combat
  2653 | D:9      | Found a hazy altar of Hepliaklqana.
  2754 | D:9      | Found Irphidec's Food Boutique.
  2768 | D:9      | Killed a troll
  2768 | D:9      | Reached XP level 10. HP: 12/98 MP: 10/12
  2922 | D:10     | Entered Level 10 of the Dungeon
  2972 | D:10     | Noticed a death yak
  2973 | D:10     | Noticed a death yak
  3061 | D:9      | Learned a level 2 spell: Sticks to Snakes
  3074 | D:10     | Slain by a troll

Vault maps used:
D:1:      roderic_dead_forest, evilmike_ruin_ashenzari
D:2:      bloody_trog, grunt_temple_overflow_open
D:3:      first_bread, minmay_door_square
D:4:      lemuel_crystal_altar, minmay_temple_entry_crystal_x,
          kennysheep_generic_room_7
D:5:      uniq_ijyb, uniq_edmund
D:6:      slow_altar_1, nemelex_xobeh_ov_fountains_minmay, fedhas_altar_3,
          chequers_temple_overflow_statue_of_worship
D:7:      lemuel_doored_altar, enter_ossuary_1, grunt_ogre_cave, uniq_menkaure
D:8:      amethyst_killhole, hex_tiny
D:9:      kennysheep_mini, orc_david_3, serial_shops, shop
D:10:     dpeg_lair_monsters
Temple:   minmay_temple_curvy_loop
Ossuary:  ossuary_tomb_2

Skill      XL: |  1  2  3  4  5  6  7  8  9 |
---------------+----------------------------+-----
Fighting       | 1 2 3 4 5 6 |  6.3
Dodging        | 2 3 4 |  4.1
Unarmed Combat | 4 5 6 7 8 10 | 10.6
Invocations    | 2 4 |  4.6
Spellcasting   | |  1.2
Transmutations | |  1.3

Action                   |  1- 3 |  4- 6 |  7- 9 | 10-12 || total
-------------------------+-------+-------+-------+-------++-------
Melee: Unarmed           |    84 |   102 |   336 |    35 ||   557
       Punch             |     1 |     1 |    12 |     1 ||    15
Throw: Throwing net      |       |       |     2 |     2 ||     4
Invok: Heroism           |       |       |     7 |     2 ||     9
Evoke: Wand              |       |     3 |       |       ||     3
  Use: Scroll            |       |     5 |     2 |       ||     7
 Stab: Held in net/web   |       |       |     1 |       ||     1
       Sleeping          |       |       |       |     1 ||     1
  Eat: Chunk             |     8 |     5 |    17 |     5 ||    35
       Bread ration      |       |       |     1 |       ||     1
Armor: Robe              |    48 |    46 |    79 |     9 ||   182
Dodge: Dodged            |    82 |    75 |   161 |    21 ||   339
